 Dungeon Crawl Stone Soup version 0.30-a0-459-g9104f0fc43 (webtiles) character file.

Game seed: 5602429357101587491

8841 sleeves the Scorcher (level 11, -4/68 HPs)
             Began as a Demonspawn Fire Elementalist on Dec 16, 2022.
             Was a Believer of Sif Muna.
             Killed from afar by an acid dragon (23 damage)
             ... with a splash of acid
             ... on level 11 of the Dungeon.
             The game lasted 00:12:22 (11994 turns).

sleeves the Scorcher (DsFE)                        Turns: 11994, Time: 00:12:23

Health: -4/68      AC:  7    Str:  7    XL:     11   Next: 15%
Magic:  6/32       EV: 12    Int: 21    God:    Sif Muna [**....]
Gold:   734        SH:  0    Dex: 14    Spells: 4/14 levels left

rFire   + . .      SeeInvis .    L - +3 short sword (flame)
rCold   . . .      Faith    .    (no shield)
rNeg    + . .      Spirit   .    y - +1 robe of Dopnuede {rF+}
rPois   +          Reflect  .    Q - +1 helmet
rElec   .          Harm     .    z - +2 ratskin cloak {*Rats rPois rN+ Str-1 Int-1 Dex+1}
rCorr   .          Rampage  .    (no gloves)
Will    .....                    (no boots)
Stlth   ++........               d - amulet of regeneration
HPRegen 1.11/turn                c - ring of magical power
MPRegen 0.23/turn                m - ring of magical power

@: corroded
A: thin metallic scales 2, powered by death 1, spiny 3, weakness stinger 2
a: Renounce Religion, Channel Magic


You were on level 11 of the Dungeon.
You worshipped Sif Muna.
Sif Muna was pleased with you.
You visited 2 branches of the dungeon, and saw 12 of its levels.

You collected 734 gold pieces.

Inventory:

Hand Weapons
 L - a +3 short sword of flaming (weapon)
   (You took it off a kobold on level 6 of the Dungeon)
Missiles
 r - 2 throwing nets
Armour
 y - the +1 robe of Dopnuede (worn) {rF+}
   (You found it on level 4 of the Dungeon)

   rF:        It protects you from fire.
 z - the +2 ratskin cloak (worn) {*Rats rPois rN+ Str-1 Int-1 Dex+1}
   (You found it on level 4 of the Dungeon)

   When the wearer is hurt, rats may emerge from it to assist them.
   Str:       It affects your strength (-1).
   Int:       It affects your intelligence (-1).
   Dex:       It affects your dexterity (+1).
   rPois:     It protects you from poison.
   rN:        It protects you from negative energy.
 B - a +2 ring mail of willpower
   (You found it on level 4 of the Dungeon)
 Q - a +1 helmet (worn)
   (You found it on level 11 of the Dungeon)
Magical Staves
 G - a staff of cold
   (You found it on level 6 of the Dungeon)
 P - a staff of poison
   (You found it on level 11 of the Dungeon)
Jewellery
 c - a ring of magical power (left hand)
   (You found it on level 1 of the Dungeon)
 d - an amulet of regeneration (around neck)
   (You found it on level 1 of the Dungeon)
 h - an amulet of reflection
   (You found it on level 1 of the Dungeon)
 k - a ring of protection from cold
   (You found it on level 1 of the Dungeon)
 m - a ring of magical power (right hand)
   (You found it on level 1 of the Dungeon)
 H - a ring of fire
   (You found it on level 11 of the Dungeon)
Wands
 C - a wand of flame (17)
   (You took it off Dowan on level 5 of the Dungeon)
 F - a wand of polymorph (6)
   (You found it on level 5 of the Dungeon)
 N - a wand of charming (12)
   (You found it on level 8 of the Dungeon)
Scrolls
 e - 3 scrolls of brand weapon {unknown}
 g - 2 scrolls of butterflies {unknown}
 j - 3 scrolls of enchant weapon {unknown}
 n - 2 scrolls of enchant armour {unknown}
 o - 6 scrolls of magic mapping {unknown}
 q - 4 scrolls of identify {unknown}
 u - 8 scrolls of teleportation {unknown}
 w - 3 scrolls of amnesia {unknown}
 x - a scroll of acquirement {unknown}
 A - a scroll of fog {unknown}
 E - a scroll of blinking {unknown}
 I - 2 scrolls of fear {unknown}
 K - 3 scrolls of noise {unknown}
Potions
 a - a potion of might {unknown}
 b - 2 potions of magic
 f - 10 potions of curing {unknown}
 i - 5 potions of heal wounds {unknown}
 l - a potion of ambrosia {unknown}
 p - 2 potions of flight {unknown}
 s - 2 potions of invisibility {unknown}
 t - 3 potions of attraction {unknown}
 v - a potion of berserk rage {unknown}
 D - 3 potions of haste {unknown}
 J - a potion of lignification {unknown}
 M - a potion of degeneration {unknown}
 O - a potion of brilliance


   Skills:
 - Level 1.7 Dodging
 - Level 1.7 Stealth
 - Level 2.0 Spellcasting
 - Level 3.0 Conjurations
 + Level 15.7 Fire Magic


You had 4 spell levels left.
You knew the following spells:

 Your Spells              Type           Power      Damage    Failure   Level
a - Foxfire               Conj/Fire      100%       2x1d9     1%          1
b - Kindle Blastsparks    Fire/Tloc/Air  48%        2d14      5%          3
c - Flame Wave            Conj/Fire      41%        2d11      3%          4
d - Scorch                Fire           100%       2d10      1%          2

Your spell library contained the following spells:

 Spells                   Type           Power      Damage    Failure   Level
 Inner Flame              Hex/Fire       35%        N/A       1%          3
 Momentum Strike          Conj/Tloc      16%        3d8       12%         2
 Sandblast                Erth           4%         2d4       14%         1
 Blink                    Tloc           4%         N/A       22%         2
 Passwall                 Tmut/Erth      1%         N/A       22%         2
 Sublimation of Blood     Necr           2%         N/A       22%         2
 Stone Arrow              Conj/Erth      16%        3d8       24%         3
 Lesser Beckoning         Tloc           4%         N/A       41%         3
 Petrify                  Tmut/Erth      2%         N/A       82%         4
 Irradiate                Conj/Tmut      4%         3d13      91%         5
 Summon Cactus Giant      Summ           1%         N/A       100%        6


Dungeon Overview and Level Annotations

Branches:
Dungeon (11/15)            Temple (1/1) D:4            Lair (0/5) D:9
    Orc (0/2) D:11

Altars:
Ashenzari
Cheibriados
Dithmenos
Fedhas
Gozag
Hepliaklqana
Kikubaaqudgha
Makhleb
Nemelex Xobeh
Okawaru
Qazlal
Ru
Sif Muna
Trog
Uskayaw
Vehumet
Wu Jian
Xom
Yredelemnul
Jiyva

Shops:
D:5 [!   D:10 (

Annotations:
D:10 3 runed translucent doors, PyroL's ghost, novice DrWr


Innate Abilities, Weirdness & Mutations

You are mostly covered in thin metallic scales. (AC +3)
You regenerate a little health from kills.
You are completely covered in sharp spines.
You have a tail ending in a sharp stinger.


Message History

The yak gores you but does no damage.
A wave of flame ripples out!
The flame wave engulfs the yak!
The yak is severely wounded.
* * * LOW MAGIC WARNING * * *
The yak is struck by your spines.
You kill the yak!
Sif Muna accepts your kill.
A wight comes into view.
It is wielding a +1 great sword of freezing.
You miscast Foxfire.
You are very lightly contaminated with residual magic.
Nothing appears to happen.
You conjure some foxfire!
You start resting.
Your foxfire dissipates! x2
Casting: Foxfire (safe; 1% risk of failure)
Confirm with . or Enter, or press ? or * to list all spells.
You miscast Kindle Blastsparks.
Nothing appears to happen.
* * * LOW MAGIC WARNING * * *
You hit the wight but do no damage. The wight hits you but does no damage.
You barely miss the wight. The wight is struck by your spines.
The wight hits you with a +1 great sword of freezing!
A river rat scurries out from under your cloak.
You partially resist.
You feel drained. The wight freezes you.
You hit the wight. You burn the wight.
The wight is moderately damaged.
The wight is struck by your spines.
You destroy the wight!
Sif Muna accepts your kill.
Your life force feels restored.
Things that are here:
a +1 great sword of freezing; a +0 scale mail
Things that are here:
a +3 scimitar; a +0 robe
Things that are here:
a +0 hand axe; a +0 robe; a yak corpse Your magical contamination has completely faded away.
Things that are here:
a +2 morningstar; a +0 robe HP restored.
Your river rat returns to the shadows of the Dungeon!
Magic restored.
w - 3 scrolls labelled NOCVAINLUSS (gained 1)
Found a robe.
You now have 685 gold pieces (gained 6).
A yak comes into view.
A yak is nearby!
A yak is nearby!
A yak is nearby!
A yak is nearby!
You conjure some foxfire!
The yak bellows!
You hear a bellow!
A yak comes into view. x2
You conjure some foxfire!
The foxfire hits the yak.
The yak is lightly wounded.
You conjure some foxfire!
The foxfire hits the yak.
The yak is lightly wounded.
You conjure some foxfire!
The foxfire hits the yak but does no damage.
The yak is lightly wounded.
The foxfire hits the yak.
The yak is moderately wounded.
The foxfire hits the yak!
The yak is heavily wounded.
The foxfire hits the yak.
The yak is heavily wounded.
You conjure some foxfire!
The foxfire hits the yak.
The yak is heavily wounded.
The foxfire hits the yak but does no damage.
The yak is heavily wounded.
A yak comes into view.
Casting: Foxfire (safe; 1% risk of failure)
Confirm with . or Enter, or press ? or * to list all spells.
A cloud of volatile blastsparks flares up around you!
The yak bellows!
The foxfire hits the yak.
The yak is severely wounded.
A yak comes into view.
The foxfire hits the yak but does no damage.
The yak is severely wounded.
Casting: Kindle Blastsparks (dangerous; 6% risk of failure)
Confirm with . or Enter, or press ? or * to list all spells.
A cloud of volatile blastsparks flares up around you!
The cloud of blastsparks explodes!
The concussive blast engulfs the yak!
The yak is almost dead.
The concussive blast engulfs the yak!
The yak is heavily wounded.
The yak is knocked back by the blast.
The cloud of blastsparks explodes!
The concussive blast engulfs the yak!
The yak is almost dead.
The concussive blast engulfs the yak!
You kill the yak!
Sif Muna accepts your kill.
The yak is knocked back by the blast.
Casting: Kindle Blastsparks (dangerous; 6% risk of failure)
Confirm with . or Enter, or press ? or * to list all spells.
A cloud of volatile blastsparks flares up around you!
Casting: Kindle Blastsparks (dangerous; 6% risk of failure)
Confirm with . or Enter, or press ? or * to list all spells.
A cloud of volatile blastsparks flares up around you!
The yak attacks as you move away! The yak is struck by your spines.
You kill the yak!
Sif Muna accepts your kill.
The cloud of blastsparks explodes!
The concussive blast engulfs the yak.
The yak is lightly wounded.
The cloud of blastsparks explodes!
The concussive blast engulfs the yak!
The yak is moderately wounded.
The yak is knocked back by the blast.
Casting: Kindle Blastsparks (dangerous; 6% risk of failure)
Confirm with . or Enter, or press ? or * to list all spells.
A cloud of volatile blastsparks flares up around you!
The cloud of blastsparks explodes!
The concussive blast engulfs the yak!!
The yak is heavily wounded.
Casting: Kindle Blastsparks (dangerous; 6% risk of failure)
Confirm with . or Enter, or press ? or * to list all spells.
A cloud of volatile blastsparks flares up around you!
The cloud of blastsparks explodes!
The concussive blast engulfs the yak!
The yak is almost dead.
The concussive blast engulfs you. You resist.
You are knocked back by the blast.
You conjure some foxfire!
The foxfire hits the yak.
You kill the yak!
Sif Muna accepts your kill.
You conjure some foxfire!
The foxfire hits the yak!
The yak is lightly wounded.
You conjure some foxfire!
The foxfire hits the yak.
The yak is moderately wounded.
The foxfire hits the yak.
The yak is moderately wounded.
The foxfire hits the yak.
The yak is moderately wounded.
You conjure some foxfire!
The foxfire hits the yak but does no damage.
The yak is moderately wounded.
Casting: Foxfire (safe; 1% risk of failure)
Confirm with . or Enter, or press ? or * to list all spells.
Flames lash the yak.
The yak is almost dead.
The yak's fire resistance burns away.
The foxfire hits the yak but does no damage.
The yak is moderately wounded.
The foxfire hits the yak.
The yak is heavily wounded.
The yak is struck by your spines. The yak gores you but does no damage.
Casting: Scorch (safe; 1% risk of failure)
Confirm with . or Enter, or press ? or * to list all spells.
A cloud of volatile blastsparks flares up around you!
* * * LOW MAGIC WARNING * * *
The yak is struck by your spines.
You kill the yak!
Sif Muna accepts your kill. The yak gores you but does no damage.
Your Fire Magic skill increases to level 15!
The yak barely misses you.
The cloud of blastsparks explodes!
The concussive blast engulfs the yak!
You kill the yak!
Sif Muna accepts your kill. The concussive blast engulfs you! You resist.
You are knocked back by the blast.
Key pressed, stopping explore.
p - 2 glowing white potions (gained 1)
Things that are here:
a +0 troll leather armour; a troll skeleton
Found a rapier.
O - a potion of brilliance You see here a +0 rapier.
A wyvern comes into view.
A wyvern is nearby!
You conjure some foxfire!
The wyvern hisses angrily.
You conjure some foxfire!
The foxfire hits the wyvern but does no damage.
You conjure some foxfire!
The foxfire hits the wyvern but does no damage.
Casting: Foxfire (safe; 1% risk of failure)
Confirm with . or Enter, or press ? or * to list all spells.
Flames lash the wyvern.
The wyvern is moderately wounded.
The wyvern's fire resistance burns away.
The foxfire hits the wyvern but does no damage.
The wyvern is moderately wounded.
The foxfire hits the wyvern.
The wyvern is burned terribly!
The wyvern is moderately wounded.
The foxfire hits the wyvern but does no damage.
The wyvern is moderately wounded.
The wyvern is struck by your spines.
The wyvern bites you but does no damage.
Casting: Scorch (safe; 1% risk of failure)
Confirm with . or Enter, or press ? or * to list all spells.
Flames lash the wyvern.
The wyvern is burned terribly!
You kill the wyvern!
Sif Muna accepts your kill.
Done exploring.
Done exploring.
Done exploring.
Done exploring.
Done exploring.
(D) Dungeon (T) Temple (L) Lair
Where to? (Enter - D:8 @ (x,y), ? - help)
Things that are here:
a +0 hand axe; a +0 robe
There is a stone staircase leading down here.
You climb downwards.
Found five items.
Found an escape hatch in the ceiling.
Found a stone staircase leading down.
There is a stone staircase leading up here.
A steam dragon is nearby!
Unknown command.
A steam dragon is nearby!
A steam dragon is nearby!
You conjure some foxfire!
You conjure some foxfire!
The foxfire hits the steam dragon!
The steam dragon is moderately wounded.
The steam dragon hisses angrily.
The foxfire hits the steam dragon.
The steam dragon is moderately wounded.
The steam dragon breathes steam at you. The ball of steam misses you.
The ball of steam misses your foxfire.
You conjure some foxfire!
You conjure some foxfire!
The foxfire hits the steam dragon.
The steam dragon is moderately wounded.
The foxfire hits the steam dragon but does no damage.
The steam dragon is moderately wounded.
The foxfire hits the steam dragon.
The steam dragon is heavily wounded.
Casting: Foxfire (safe; 1% risk of failure)
Confirm with . or Enter, or press ? or * to list all spells.
Flames lash the steam dragon.
You kill the steam dragon!
Sif Muna accepts your kill.
Your foxfire dissipates!
Unknown command.
Casting: Scorch (safe; 1% risk of failure)
Confirm with . or Enter, or press ? or * to list all spells.
You can't see any susceptible monsters within range! (Use Z to cast anyway.) Unknown command.
Casting: Scorch (safe; 1% risk of failure)
Confirm with . or Enter, or press ? or * to list all spells.
You don't know that spell.
Your foxfire dissipates! x2
Magic restored.
You now have 693 gold pieces (gained 8).
There is a stone staircase leading down here.
I - 2 scrolls labelled IWNABL WAKH (gained 1)
Found a stone staircase leading up.
You now have 715 gold pieces (gained 22).
Found a stone staircase leading down.
Found a morningstar.
As you open the door, it creaks loudly!
There is an open door here.
You open the door.
There is an open door here.
Found a stone staircase leading up.
You now have 724 gold pieces (gained 9).
You open the door.
There is an open door here.
u - 6 scrolls labelled QAUNOE TAONOE (gained 1)
You open the door.
A gnoll sergeant and 2 gnolls come into view.
The gnoll shouts! x2; You hear a shout!
The gnoll misses you.
There are monsters nearby!
There are monsters nearby!
Casting: Scorch (safe; 1% risk of failure)
Confirm with . or Enter, or press ? or * to list all spells.
A cloud of volatile blastsparks flares up around you!
The gnoll closely misses you.
A gnoll comes into view. It is wielding a +0 flail.
The gnoll sergeant hits you from afar with a +0 spear!
Casting: Kindle Blastsparks (dangerous; 5% risk of failure)
Confirm with . or Enter, or press ? or * to list all spells.
Flames lash the gnoll.
The gnoll is heavily wounded.
The gnoll's fire resistance burns away.
The gnoll closely misses you.
Casting: Scorch (safe; 1% risk of failure)
Confirm with . or Enter, or press ? or * to list all spells.
Flames lash the gnoll.
The gnoll is almost dead.
The gnoll's fire resistance burns away.
The gnoll barely misses you.
Casting: Scorch (safe; 1% risk of failure)
Confirm with . or Enter, or press ? or * to list all spells.
Flames lash the gnoll.
The gnoll is burned terribly!
You kill the gnoll!
Sif Muna accepts your kill.
Casting: Scorch (safe; 1% risk of failure)
Confirm with . or Enter, or press ? or * to list all spells.
Flames lash the gnoll sergeant.
The gnoll sergeant is moderately wounded.
The gnoll sergeant's fire resistance burns away.
The cloud of blastsparks explodes!
The concussive blast engulfs the gnoll!!
The gnoll is burned terribly!
You kill the gnoll!
Sif Muna accepts your kill. The concussive blast engulfs you! You resist.
You are knocked back by the blast.
You hear a shout! x2
Casting: Scorch (safe; 1% risk of failure)
Confirm with . or Enter, or press ? or * to list all spells.
Flames lash the gnoll sergeant.
The gnoll sergeant is burned terribly!
You kill the gnoll sergeant!
Sif Muna accepts your kill.
Casting: Scorch (safe; 1% risk of failure)
Confirm with . or Enter, or press ? or * to list all spells.
Flames lash the gnoll.
You kill the gnoll!
Sif Muna accepts your kill.
Casting: Scorch (safe; 1% risk of failure)
Confirm with . or Enter, or press ? or * to list all spells.
You can't see any susceptible monsters within range! (Use Z to cast anyway.) Unknown command.
HP restored.
Things that are here:
a +0 whip; a gnoll corpse
There is an open door here.
Items here: ))) [[ ††.
You open the door.
There is an open door here.
You open the door.
There is an open door here.
You open the door.
There is an open door here.
f - 10 silvery potions (gained 1)
You open the door.
There is an open door here.
There is an open door here.
Key pressed, stopping explore.
A troll comes into view.
Found a scroll labelled GOREM SUECYMAM.
A troll is nearby!
A troll is nearby!
You conjure some foxfire!
The troll shouts!
You hear a shout!
You conjure some foxfire!
You conjure some foxfire!
You conjure some foxfire!
Your foxfire dissipates!
The foxfire hits the troll.
The troll is lightly wounded.
The foxfire hits the troll but does no damage.
The troll is lightly wounded.
The foxfire hits the troll.
The troll is lightly wounded.
Casting: Foxfire (safe; 1% risk of failure)
Confirm with . or Enter, or press ? or * to list all spells.
Flames lash the troll.
The troll is moderately wounded.
The troll's fire resistance burns away.
You hear a shout!
Casting: Scorch (safe; 1% risk of failure)
Confirm with . or Enter, or press ? or * to list all spells.
Flames lash the troll.
The troll is burned terribly!
The troll is severely wounded.
A gnoll comes into view. It is wielding a +0 spear.
Casting: Scorch (safe; 1% risk of failure)
Confirm with . or Enter, or press ? or * to list all spells.
Flames lash the troll.
The troll is burned terribly!
You kill the troll!
Sif Muna accepts your kill.
Casting: Scorch (safe; 1% risk of failure)
Confirm with . or Enter, or press ? or * to list all spells.
Flames lash the gnoll.
You kill the gnoll!
Sif Muna accepts your kill.
You hear a shout!
You have reached level 11!
Your demonic ancestry asserts itself...
A wave of death washes over you.
A gnoll comes into view. It is wielding a +0 flail.
A gnoll is nearby!
A gnoll is nearby!
A gnoll is nearby!
Casting: Scorch (safe; 1% risk of failure)
Confirm with . or Enter, or press ? or * to list all spells.
Flames lash the gnoll.
The gnoll is moderately wounded.
The gnoll's fire resistance burns away.
The gnoll barely misses you.
Casting: Scorch (safe; 1% risk of failure)
Confirm with . or Enter, or press ? or * to list all spells.
Flames lash the gnoll.
The gnoll is burned terribly!
You kill the gnoll!
Sif Muna accepts your kill.
You hear a shout!
Unknown command.
j - 3 scrolls labelled GOREM SUECYMAM (gained 1)
You now have 734 gold pieces (gained 10).
Key pressed, stopping explore.
You open the door.
Found a war axe and a trident.
Found 6 stones.
There is an open door here.
Found 7 stones and a giant spiked club.
u - 7 scrolls labelled QAUNOE TAONOE (gained 1)
You open the door.
There is an open door here.
You open the door.
There is an open door here.
You open the door.
There is an open door here.
You open the door.
There is an open door here.
There is an open door here.
You open the door.
There is an open door here.
There is an open door here.
A gnoll sergeant comes into view. It is wielding a +2 spear of venom.
The gnoll sergeant shouts!
There is an open door here.
A gnoll sergeant is nearby!
You conjure some foxfire!
Casting: Foxfire (safe; 1% risk of failure)
Confirm with . or Enter, or press ? or * to list all spells.
Flames lash the gnoll sergeant.
The gnoll sergeant is moderately wounded.
The gnoll sergeant's fire resistance burns away.
The foxfire hits the gnoll sergeant!
The gnoll sergeant is burned terribly!
The gnoll sergeant is severely wounded.
The gnoll sergeant hits you from afar with a +2 spear of venom.
Unknown command.
Casting: Scorch (safe; 1% risk of failure)
Confirm with . or Enter, or press ? or * to list all spells.
Flames lash the gnoll sergeant.
The gnoll sergeant is burned terribly!
You kill the gnoll sergeant!
Sif Muna accepts your kill.
Unknown command.
Your foxfire dissipates!
A gnoll comes into view. It is wielding a +0 spear.
A gnoll is nearby!
A gnoll is nearby!
A gnoll is nearby!
A gnoll is nearby!
Items here: ) ? [ †.
Casting: Scorch (safe; 1% risk of failure)
Confirm with . or Enter, or press ? or * to list all spells.
Flames lash the gnoll.
The gnoll is almost dead.
The gnoll's fire resistance burns away.
The gnoll closely misses you.
Unknown command.
Casting: Scorch (safe; 1% risk of failure)
Confirm with . or Enter, or press ? or * to list all spells.
Flames lash the gnoll.
The gnoll is burned terribly!
You kill the gnoll!
Sif Muna accepts your kill.
Unknown command.
K - 2 scrolls labelled QIENOI NYKLOM (gained 1)
Things that are here:
a +2 spear of venom; a +0 ring mail; a gnoll corpse
Things that are here:
a +0 spear; a gnoll corpse
There is an open door here.
o - 6 scrolls labelled POULIC GACK (gained 3)
There is an open door here.
Things that are here:
a +2 spear of venom; a +0 ring mail; a gnoll corpse You see here a +0 spear.
You open the door.
There is an open door here.
As you open the door, it creaks loudly!
There is an open door here.
You open the door.
Found Bonletrufea's Antique Weapon Shoppe.
There is an open door here.
There is an entrance to Bonletrufea's Antique Weapon Shoppe here.
You can access your shopping list by pressing '$'.
Unknown command.
There is an open door here.
You open the door.
There is an open door here.
As you open the door, it creaks loudly!
There is an open door here.
Found a runed translucent gate.
The great orb of eyes turns its gaze towards you.
The slime creature quivers.
There is an open door here.
There is an open door here.
You open the door.
There is an open door here.
There is an open door here.
There is an open door here.
You open the door.
There is an open door here.
There is an open door here.
There is an open door here.
There is an open door here.
Found an escape hatch in the floor.
An orc wizard comes into view. It is wielding a +0 dagger.
An orc wizard is nearby!
An orc wizard is nearby!
An orc wizard is nearby!
An orc comes into view. It is wielding a +0 dagger of speed.
The orc wizard shouts!
You hear a shout!
Casting: Scorch (safe; 1% risk of failure)
Confirm with . or Enter, or press ? or * to list all spells.
You don't know that spell.
Unknown command.
There is an open door here.
Casting: Scorch (safe; 1% risk of failure)
Confirm with . or Enter, or press ? or * to list all spells.
You can't see any susceptible monsters within range! (Use Z to cast anyway.) Unknown command.
Casting: Scorch (safe; 1% risk of failure)
Confirm with . or Enter, or press ? or * to list all spells.
You can't see any susceptible monsters within range! (Use Z to cast anyway.) Unknown command.
An orc comes into view. It is wielding a +0 club.
An orc wizard comes into view. It is wielding a +0 dagger.
The orc wizard gestures at you while chanting.
The magic dart hits you!
Casting: Scorch (safe; 1% risk of failure)
Confirm with . or Enter, or press ? or * to list all spells.
Flames lash the orc.
The orc is heavily wounded.
The orc's fire resistance burns away.
The orc wizard shouts!
Unknown command.
Casting: Scorch (safe; 1% risk of failure)
Confirm with . or Enter, or press ? or * to list all spells.
Flames lash the orc.
The orc is burned terribly!
You kill the orc!
Sif Muna accepts your kill.
Unknown command.
Casting: Scorch (safe; 1% risk of failure)
Confirm with . or Enter, or press ? or * to list all spells.
Flames lash the orc wizard.
The orc wizard is heavily wounded.
The orc wizard's fire resistance burns away.
Unknown command.
Casting: Scorch (safe; 1% risk of failure)
Confirm with . or Enter, or press ? or * to list all spells.
Flames lash the orc wizard.
The orc wizard is severely wounded.
The orc wizard's fire resistance burns away.
The orc wizard mumbles some strange words.
The orc wizard flickers and vanishes!
Deactivating autopickup; reactivate with Ctrl-A.
The orc is struck by your spines. The orc hits you with a +0 club.
The orc wizard casts a spell.
The orc wizard flickers and vanishes!
Unknown command.
Casting: Scorch (safe; 1% risk of failure)
Confirm with . or Enter, or press ? or * to list all spells.
Flames lash the orc.
You kill the orc!
Sif Muna accepts your kill. Something hits you but does no damage.
You hear some strange, mumbled words.
A puff of flame appears from out of thin air!
The puff of flame hits you. You resist.
Unknown command.
Casting: Scorch (safe; 1% risk of failure)
Confirm with . or Enter, or press ? or * to list all spells.
You can't see any susceptible monsters within range! (Use Z to cast anyway.) Unknown command.
Casting: Scorch (safe; 1% risk of failure)
Confirm with . or Enter, or press ? or * to list all spells.
You can't see any susceptible monsters within range! (Use Z to cast anyway.) Unknown command.
Casting: Scorch (safe; 1% risk of failure)
Confirm with . or Enter, or press ? or * to list all spells.
You don't know that spell.
Okay, then.
Unknown command.
Casting: Scorch (safe; 1% risk of failure)
Confirm with . or Enter, or press ? or * to list all spells.
Flames lash something.
Sif Muna accepts your kill.
Reactivating autopickup.
You feel a bit more experienced.
Casting: Scorch (safe; 1% risk of failure)
Confirm with . or Enter, or press ? or * to list all spells.
Flames lash something.
Sif Muna accepts your kill.
You feel a bit more experienced.
You conjure some foxfire!
Your foxfire dissipates!
Items here: )) [[ †.
u - 8 scrolls labelled QAUNOE TAONOE (gained 1)
Things that are here:
a +0 dagger of speed; a +0 leather armour
There is an open door here.
There is an open door here.
You open the door.
There is an open door here.
There is an open door here.
There is an open door here.
There is an open door here.
There is an open door here.
A wraith comes into view.
Casting: Foxfire (safe; 1% risk of failure)
Confirm with . or Enter, or press ? or * to list all spells.
You don't know that spell.
You conjure some foxfire!
You conjure some foxfire!
The foxfire hits the wraith but does no damage.
You conjure some foxfire!
The foxfire hits the wraith but does no damage.
The foxfire hits the wraith!
The wraith is moderately damaged.
You conjure some foxfire!
The foxfire hits the wraith but does no damage.
The wraith is moderately damaged.
The foxfire hits the wraith but does no damage.
The wraith is moderately damaged.
The foxfire hits the wraith but does no damage.
The wraith is moderately damaged.
You conjure some foxfire!
The foxfire hits the wraith but does no damage.
The wraith is moderately damaged.
The foxfire hits the wraith.
The wraith is moderately damaged.
The foxfire hits the wraith.
The wraith is heavily damaged.
Casting: Foxfire (safe; 1% risk of failure)
Confirm with . or Enter, or press ? or * to list all spells.
Flames lash the wraith.
The wraith is severely damaged.
The wraith's fire resistance burns away.
The foxfire hits the wraith.
The wraith is burned terribly!
The wraith is almost destroyed.
Unknown command.
Casting: Scorch (safe; 1% risk of failure)
Confirm with . or Enter, or press ? or * to list all spells.
Flames lash the wraith.
The wraith is burned terribly!
You destroy the wraith!
Sif Muna accepts your kill.
Unknown command.
Found a stone staircase leading down.
There is an open door here.
There is an open door here.
There is an open door here.
There is an open door here.
There is an open door here.
There is a stone staircase leading up here.
There is an open door here.
There is an open door here.
Found a viscous altar of Jiyva.
The great orb of eyes turns its gaze towards you.
The slime creature quivers.
PyroL's ghost turns its malevolent gaze towards you.
The jelly quivers.
The slime creature jiggles.
The slime creature quivers.
Could not explore, unopened runed door.
Could not explore, unopened runed door.
Could not explore, unopened runed door.
Could not explore, unopened runed door.
(D) Dungeon (T) Temple (L) Lair
Where to? (Enter - D:10, ? - help) Two slime creatures merge to form a large slime creature.
A slime creature merges with something you can't see.
There is an open door here.
There is an open door here.
There is a stone staircase leading down here.
You climb downwards.
Found a long sword.
There is a stone staircase leading up here.
Unknown command.
You see here a +1 helmet.
You open the door.
There is an open door here.
Found 5 poisoned darts.
You pick up a book of Geomancy and begin reading...
You add the spells Sandblast, Passwall and Stone Arrow to your library.
Found a staircase to the Orcish Mines.
You see here a staff of poison.
P - a staff of poison You see here a +1 helmet.
Q - a +1 helmet You start removing your armour.
You continue taking off your +0 hat. x4
You finish taking off your +0 hat.
You start putting on your armour.
You continue putting on your +1 helmet. x5
You finish putting on your +1 helmet.
You drop a +0 hat.
There is an open door here.
Snorg the Insatiable comes into view.
Snorg is nearby!
Snorg is nearby!
Snorg is nearby!
Snorg shouts!
Casting: Scorch (safe; 1% risk of failure)
Confirm with . or Enter, or press ? or * to list all spells.
A cloud of volatile blastsparks flares up around you!
Casting: Kindle Blastsparks (dangerous; 5% risk of failure)
Confirm with . or Enter, or press ? or * to list all spells.
A cloud of volatile blastsparks flares up around you!
Casting: Kindle Blastsparks (dangerous; 5% risk of failure)
Confirm with . or Enter, or press ? or * to list all spells.
A cloud of volatile blastsparks flares up around you!
The cloud of blastsparks explodes!
The concussive blast engulfs Snorg!!
Snorg is moderately wounded.
The cloud of blastsparks explodes!
The concussive blast engulfs Snorg!!
Snorg is heavily wounded.
Snorg is knocked back by the blast.
The cloud of blastsparks explodes!
The concussive blast engulfs you but does no damage.
You resist.
You are knocked back by the blast.
Casting: Kindle Blastsparks (dangerous; 5% risk of failure)
Confirm with . or Enter, or press ? or * to list all spells.
A cloud of volatile blastsparks flares up around you!
Casting: Kindle Blastsparks (dangerous; 5% risk of failure)
Confirm with . or Enter, or press ? or * to list all spells.
A cloud of volatile blastsparks flares up around you!
Casting: Kindle Blastsparks (dangerous; 5% risk of failure)
Confirm with . or Enter, or press ? or * to list all spells.
A cloud of volatile blastsparks flares up around you!
The cloud of blastsparks explodes!
The concussive blast engulfs Snorg!
Snorg is heavily wounded.
The cloud of blastsparks explodes!
The concussive blast engulfs Snorg!!
Snorg is severely wounded.
The concussive blast engulfs you! You resist.
Snorg is knocked back by the blast.
You are knocked back by the blast.
The cloud of blastsparks explodes!
The concussive blast engulfs you. You resist.
Casting: Kindle Blastsparks (dangerous; 5% risk of failure)
Confirm with . or Enter, or press ? or * to list all spells.
A cloud of volatile blastsparks flares up around you!
The cloud of blastsparks explodes!
The concussive blast engulfs Snorg!
Snorg is severely wounded.
Casting: Kindle Blastsparks (dangerous; 5% risk of failure)
Confirm with . or Enter, or press ? or * to list all spells.
A cloud of volatile blastsparks flares up around you!
Casting: Kindle Blastsparks (dangerous; 5% risk of failure)
Confirm with . or Enter, or press ? or * to list all spells.
A cloud of volatile blastsparks flares up around you!
The cloud of blastsparks explodes!
The concussive blast engulfs Snorg!
Snorg is severely wounded.
The concussive blast engulfs you! You resist.
You are knocked back by the blast.
The cloud of blastsparks explodes!
The concussive blast engulfs Snorg!
Snorg is almost dead.
The concussive blast engulfs you. You resist.
Snorg is knocked back by the blast.
You are knocked back by the blast.
Casting: Kindle Blastsparks (dangerous; 5% risk of failure)
Confirm with . or Enter, or press ? or * to list all spells.
A cloud of volatile blastsparks flares up around you!
* * * LOW MAGIC WARNING * * *
Casting: Kindle Blastsparks (dangerous; 5% risk of failure)
Confirm with . or Enter, or press ? or * to list all spells.
A cloud of volatile blastsparks flares up around you!
* * * LOW MAGIC WARNING * * *
Snorg goes berserk!
Casting: Kindle Blastsparks (dangerous; 5% risk of failure)
Confirm with . or Enter, or press ? or * to list all spells.
Flames lash Snorg.
Snorg is almost dead.
Snorg's fire resistance burns away.
* * * LOW MAGIC WARNING * * *
The cloud of blastsparks explodes!
The concussive blast engulfs Snorg!
Snorg is burned terribly!
Snorg is almost dead.
The cloud of blastsparks explodes!
The concussive blast engulfs Snorg!!
Snorg is burned terribly!
You kill Snorg!
Sif Muna accepts your kill. The concussive blast engulfs you. You resist.
You are knocked back by the blast.
Casting: Scorch (safe; 1% risk of failure)
Confirm with . or Enter, or press ? or * to list all spells.
You don't know that spell.
HP restored.
Magic restored.
H - a ring of fire
Found a flail.
You see here a +0 flail.
Found a stone staircase leading down.
A vampire comes into view.
A vampire is nearby!
A vampire is nearby!
A vampire is nearby!
You conjure some foxfire!
You conjure some foxfire!
The foxfire hits the vampire but does no damage.
The vampire mumbles some strange words.
The vampire flickers and vanishes!
Deactivating autopickup; reactivate with Ctrl-A.
You conjure some foxfire!
The foxfire hits something.
You conjure some foxfire!
The foxfire hits something.
Casting: Foxfire (safe; 1% risk of failure)
Confirm with . or Enter, or press ? or * to list all spells.
Nothing appears to happen.
The foxfire hits something. x2
Casting: Scorch (safe; 1% risk of failure)
Confirm with . or Enter, or press ? or * to list all spells.
Flames lash something.
Casting: Scorch (safe; 1% risk of failure)
Confirm with . or Enter, or press ? or * to list all spells.
Flames lash something but do no damage.
Casting: Scorch (safe; 1% risk of failure)
Confirm with . or Enter, or press ? or * to list all spells.
Flames lash something.
Casting: Scorch (safe; 1% risk of failure)
Confirm with . or Enter, or press ? or * to list all spells.
Flames lash something.
Sif Muna accepts your kill.
Reactivating autopickup.
You feel a bit more experienced.
Casting: Scorch (safe; 1% risk of failure)
Confirm with . or Enter, or press ? or * to list all spells.
You don't know that spell.
K - 3 scrolls labelled QIENOI NYKLOM (gained 1)
Found a sling.
A boulder beetle comes into view.
The boulder beetle moves out of view.
A boulder beetle is nearby!
Casting: Scorch (safe; 1% risk of failure)
Confirm with . or Enter, or press ? or * to list all spells.
Flames lash the boulder beetle.
The boulder beetle is moderately wounded.
The boulder beetle's fire resistance burns away.
Casting: Scorch (safe; 1% risk of failure)
Confirm with . or Enter, or press ? or * to list all spells.
Flames lash the boulder beetle but do no damage.
The boulder beetle curls into a ball and begins rolling!
Casting: Scorch (safe; 1% risk of failure)
Confirm with . or Enter, or press ? or * to list all spells.
A cloud of volatile blastsparks flares up around you!
The boulder beetle attacks as you move away!
The boulder beetle closely misses you.
The boulder beetle stops rolling and uncurls.
The boulder beetle curls into a ball and begins rolling!
Casting: Kindle Blastsparks (dangerous; 5% risk of failure)
Confirm with . or Enter, or press ? or * to list all spells.
Flames lash the boulder beetle.
The boulder beetle is moderately wounded.
The cloud of blastsparks explodes!
The concussive blast engulfs the boulder beetle!!
The boulder beetle is burned terribly!
The boulder beetle is heavily wounded.
The concussive blast engulfs you. You resist.
A hell rat scurries out from under your cloak.
You are knocked back by the blast.
You hear a shout! x4
Casting: Scorch (safe; 1% risk of failure)
Confirm with . or Enter, or press ? or * to list all spells.
A cloud of volatile blastsparks flares up around you!
The boulder beetle barely misses you.
The boulder beetle stops rolling and uncurls.
Casting: Kindle Blastsparks (dangerous; 5% risk of failure)
Confirm with . or Enter, or press ? or * to list all spells.
Flames lash the boulder beetle but do no damage.
The boulder beetle bites you but does no damage.
Your hell rat bites the boulder beetle but does no damage.
The boulder beetle attacks as you move away!
The boulder beetle bites you!!
Your hell rat bites the boulder beetle but does no damage.
The cloud of blastsparks explodes!
The concussive blast engulfs the boulder beetle!!
The boulder beetle is burned terribly!
The boulder beetle is almost dead.
The concussive blast engulfs your hell rat!
Your hell rat is severely wounded.
The concussive blast engulfs you! You resist.
The hell rat is knocked back by the blast.
You hear a shout!
Casting: Scorch (safe; 1% risk of failure)
Confirm with . or Enter, or press ? or * to list all spells.
Flames lash the boulder beetle but do no damage.
The boulder beetle bites you!
* * * LOW HITPOINT WARNING * * *
Casting: Scorch (safe; 1% risk of failure)
Confirm with . or Enter, or press ? or * to list all spells.
Flames lash the hell rat.
The hell rat is severely wounded.
The hell rat's fire resistance burns away.
The hell rat is struck by your spines. The hell rat completely misses you.
The boulder beetle misses you. The hell rat misses you.
Casting: Scorch (safe; 1% risk of failure)
Confirm with . or Enter, or press ? or * to list all spells.
Flames lash the hell rat.
The hell rat is burned terribly!
You kill the hell rat!
The boulder beetle is no longer more vulnerable to fire.
The boulder beetle bites you but does no damage.
Casting: Scorch (safe; 1% risk of failure)
Confirm with . or Enter, or press ? or * to list all spells.
Flames lash the boulder beetle.
The boulder beetle is almost dead.
The boulder beetle's fire resistance burns away.
The boulder beetle leaps!
Casting: Scorch (safe; 1% risk of failure)
Confirm with . or Enter, or press ? or * to list all spells.
You don't know that spell.
You are too injured to fight recklessly!
You are too injured to fight recklessly!
Casting: Scorch (safe; 1% risk of failure)
Confirm with . or Enter, or press ? or * to list all spells.
You conjure some foxfire!
Casting: Foxfire (safe; 1% risk of failure)
Confirm with . or Enter, or press ? or * to list all spells.
You conjure some foxfire!
The boulder beetle leaps!
Casting: Foxfire (safe; 1% risk of failure)
Confirm with . or Enter, or press ? or * to list all spells.
You conjure some foxfire!
Your foxfire dissipates! x2
Casting: Foxfire (safe; 1% risk of failure)
Confirm with . or Enter, or press ? or * to list all spells.
You conjure some foxfire!
Your foxfire dissipates! x2
Your foxfire dissipates! x2
Your foxfire dissipates!
An orc comes into view. It is wielding a +0 hand axe.
Your foxfire dissipates!
An orc wizard comes into view. It is wielding a +0 dagger.
The orc wizard shouts!
You hear a shout!
The orc wizard casts a spell at you. The magic dart hits you.
The boulder beetle leaps!
An orc comes into view. It is wielding a +0 mace.
The orc wizard gestures wildly while chanting.
The orc wizard flickers and vanishes!
Deactivating autopickup; reactivate with Ctrl-A.
An orc comes into view. It is wielding a +2 dagger of venom.
Casting: Foxfire (safe; 1% risk of failure)
Confirm with . or Enter, or press ? or * to list all spells.
A cloud of volatile blastsparks flares up around you!
The cloud of blastsparks explodes!
The concussive blast engulfs the orc.
The orc is moderately wounded.
The concussive blast engulfs you! You resist.
You are knocked back by the blast.
You hear a shout!
Casting: Kindle Blastsparks (dangerous; 5% risk of failure)
Confirm with . or Enter, or press ? or * to list all spells.
A cloud of volatile blastsparks flares up around you!
* * * LOW MAGIC WARNING * * *
The cloud of blastsparks explodes!
The concussive blast engulfs the orc.
You kill the orc!
Sif Muna accepts your kill. The concussive blast engulfs you! You resist.
You are knocked back by the blast.
You hear a shout!
You hear a roar!
A puff of flame appears from out of thin air!
The puff of flame hits you. You resist.
Casting: Kindle Blastsparks (dangerous; 5% risk of failure)
Confirm with . or Enter, or press ? or * to list all spells.
A cloud of volatile blastsparks flares up around you!
* * * LOW MAGIC WARNING * * *
There is a stone staircase leading down here.
A magic dart appears from out of thin air!
The magic dart hits you!
An orc priest comes into view. It is wielding a +2 dagger of venom.
The orc priest shouts!
You hit something. You burn something. Sif Muna accepts your kill.
Reactivating autopickup.
You feel a bit more experienced.
Casting: Kindle Blastsparks (dangerous; 5% risk of failure)
Confirm with . or Enter, or press ? or * to list all spells.
Casting: Flame Wave (dangerous; 3% risk of failure)
Press: ? - help, Dir - look around, f - activate A wave of flame ripples out!
The flame wave engulfs the orc!
You kill the orc!
Sif Muna accepts your kill. (Press . to intensify the flame waves.)
* * * LOW MAGIC WARNING * * *
You hear a roar!
An acid dragon comes into view.
Things that are here:
a +0 dagger; a +0 robe; an orc corpse The orc is struck by your spines.
You kill the orc!
Sif Muna accepts your kill.
You completely miss the orc priest.
Your tail-slap misses the orc priest.
The orc priest is struck by your spines.
The orc priest closely misses you.
Casting: Flame Wave (dangerous; 3% risk of failure)
Confirm with . or Enter, or press ? or * to list all spells.
You don't know that spell.
Things that are here:
a +0 dagger; a +0 robe; an orc corpse The orc priest invokes the aid of Beogh against you.
Beogh smites you!
Casting: Flame Wave (dangerous; 3% risk of failure)
Confirm with . or Enter, or press ? or * to list all spells.
A cloud of volatile blastsparks flares up around you!
* * * LOW MAGIC WARNING * * *
The cloud of blastsparks explodes!
The concussive blast engulfs the orc priest!
You kill the orc priest!
Sif Muna accepts your kill. The concussive blast engulfs you. You resist.
You are knocked back by the blast.
The acid dragon spits acid at you. The splash of acid hits you!!
Casting: Kindle Blastsparks (dangerous; 5% risk of failure)
Confirm with . or Enter, or press ? or * to list all spells.
You don't know that spell.
Casting: Kindle Blastsparks (dangerous; 5% risk of failure)
Confirm with . or Enter, or press ? or * to list all spells.
A cloud of volatile blastsparks flares up around you!
* * * LOW MAGIC WARNING * * *
The acid dragon spits acid at you. The splash of acid misses you.
The acid dragon spits acid at you. The splash of acid hits you!!!
Ouch! That really hurt!
* * * LOW HITPOINT WARNING * * *
The acid corrodes you!
The cloud of blastsparks explodes!
The concussive blast engulfs the acid dragon!
The acid dragon is severely wounded.
The acid dragon spits acid at you. The splash of acid misses you.
The acid dragon spits acid at you. The splash of acid hits you!!
You die...

##.# #.# .#
#)# .# #.# .#
#.# #.# #.#
#.# #.# #@#
#.# #.#
#.########
#........#
#..###.###
..#########..#
#.#
#.#.......#D.#
#.#
#.#.#####.#..#
#.#


You could see an acid dragon (catching breath).

Vanquished Creatures
  Snorg (D:11)
  A two-headed ogre (D:9)
  2 trolls
  A wraith (D:10)
  A vampire (D:11)
  2 wyverns
  16 yaks
  6 steam dragons
  A black bear (D:6)
  An ice beast (D:7)
  An orc warrior (D:6)
  A sky beast (D:6)
  2 ogres (D:6)
  2 centaurs (D:8)
  A phantom (D:5)
  5 kobold brigands
  2 necrophages (D:4)
  4 bullfrogs
  2 gnoll sergeants (D:10)
  2 scorpions (D:4)
  Dowan (D:5)
  7 wights
  A howler monkey (D:7)
  5 jellies
  7 hounds
  5 orc priests
  2 gnoll boudas (D:6)
  3 iguanas
  9 orc wizards
  8 adders
  18 gnolls
  3 white imps
  2 ufetubi (D:6)
  2 dart slugs
  17 orcs
  2 ball pythons (D:2)
  10 endoplasms
  2 giant cockroaches
  3 goblins
  12 hobgoblins
  4 jackals (D:1)
  33 kobolds
  A quokka (D:2)
  4 bats
  A frilled lizard (D:3)
  4 rats
220 creatures vanquished.

Vanquished Creatures (collateral kills)
  Duvessa (D:5)
  A gnoll (D:5)
  2 orcs (D:5)
  26 foxfires (D:6)
30 creatures vanquished.

Vanquished Creatures (others)
  1092 foxfires
  9 plants (D:6)
  3 toadstools (D:3)
1104 creatures vanquished.

Grand Total: 1354 creatures vanquished

Notes
Turn   | Place    | Note
-------+----------+-------------------------------------------
     0 | D:1      | sleeves the Demonspawn Fire Elementalist began the quest
                  | for the Orb.
     0 | D:1      | Reached XP level 1. HP: 13/13 MP: 3/3
   219 | D:1      | Reached skill level 3 in Fire Magic
   219 | D:1      | Gained mutation: You are partially covered in thin metallic
                  | scales. (AC +2) [demonic ancestry]
   219 | D:1      | Reached XP level 2. HP: 19/19 MP: 5/5
   669 | D:1      | Reached skill level 2 in Conjurations
   951 | D:2      | Gained mutation: You are mostly covered in thin metallic
                  | scales. (AC +3) [demonic ancestry]
   951 | D:2      | Reached XP level 3. HP: 24/24 MP: 6/6
  1640 | D:2      | Gained mutation: You have a small tail. [demonic ancestry]
  1640 | D:2      | Reached XP level 4. HP: 30/30 MP: 7/7
  2187 | D:3      | Reached skill level 3 in Conjurations
  2297 | D:3      | Found a hazy altar of Hepliaklqana.
  2572 | D:3      | Found a snail-covered altar of Cheibriados.
  3163 | D:4      | Noticed a scorpion
  3167 | D:4      | Killed a scorpion
  3168 | D:4      | Reached skill level 4 in Fire Magic
  3168 | D:4      | Gained mutation: You are partially covered in sharp spines.
                  | [demonic ancestry]
  3168 | D:4      | Reached XP level 5. HP: 35/35 MP: 8/8
  3311 | D:4      | Reached skill level 5 in Fire Magic
  3367 | D:4      | Reached XP level 6. HP: 41/41 MP: 9/9
  3520 | D:4      | Identified the +1 robe of Dopnuede {rF+}
  3539 | D:4      | Reached skill level 6 in Fire Magic
  4142 | D:4      | Found the +2 ratskin cloak {*Rats rPois rN+ Str-1 Int-1
                  | Dex+1}
  4529 | D:4      | Found a staircase to the Ecumenical Temple.
  4666 | Temple   | Entered the Ecumenical Temple
  4832 | D:5      | Entered Level 5 of the Dungeon
  4832 | D:5      | Found Qororgh's Distillery.
  4840 | D:5      | Gained mutation: You are mostly covered in sharp spines.
                  | [demonic ancestry]
  4840 | D:5      | Reached XP level 7. HP: 40/46 MP: 10/10
  4919 | D:5      | Reached skill level 7 in Fire Magic
  5029 | D:5      | Noticed Dowan
  5040 | D:5      | Noticed Duvessa
  5044 | D:5      | Killed Dowan
  5056 | D:5      | Killed Duvessa
  5059 | D:5      | Reached skill level 8 in Fire Magic
  5247 | D:5      | Found Hunee's Antique Armour Boutique.
  5306 | D:5      | Found a radiant altar of Vehumet.
  5584 | D:6      | Gained mutation: You are completely covered in sharp
                  | spines. [demonic ancestry]
  5584 | D:6      | Reached XP level 8. HP: 52/52 MP: 11/11
  5857 | D:6      | Reached skill level 9 in Fire Magic
  6231 | D:6      | Reached skill level 10 in Fire Magic
  6801 | D:6      | Reached XP level 9. HP: 57/57 MP: 12/12
  7195 | D:7      | Reached skill level 11 in Fire Magic
  7210 | D:7      | Learned a level 3 spell: Kindle Blastsparks
  7215 | D:7      | Learned a level 4 spell: Flame Wave
  7218 | D:7      | Learned a level 2 spell: Scorch
  7937 | D:7      | Found a hide-covered altar of Uskayaw.
  7937 | D:7      | Found a shimmering blue altar of Sif Muna.
  7955 | D:7      | Became a worshipper of Sif Muna the Loreminder
  8398 | D:8      | Reached skill level 12 in Fire Magic
  8474 | D:8      | Found a shadowy altar of Dithmenos.
  8597 | D:8      | HP: 23/57 [orc priest/divine providence (14)]
  8824 | D:8      | Reached * piety under Sif Muna
  8940 | D:8      | Reached skill level 13 in Fire Magic
  8948 | D:8      | Gained mutation: You have a tail ending in a sharp stinger.
                  | [demonic ancestry]
  8948 | D:8      | Reached XP level 10. HP: 63/63 MP: 13/13
  9508 | D:9      | Noticed a two-headed ogre
  9514 | D:9      | Killed a two-headed ogre
  9537 | D:9      | Reached skill level 14 in Fire Magic
  9771 | D:9      | Found a staircase to the Lair.
 10116 | D:9      | Reached skill level 15 in Fire Magic
 10417 | D:10     | Entered Level 10 of the Dungeon
 10539 | D:10     | Reached ** piety under Sif Muna
 10690 | D:10     | Gained mutation: You regenerate a little health from kills.
                  | [demonic ancestry]
 10690 | D:10     | Reached XP level 11. HP: 68/68 MP: 14/14
 10990 | D:10     | Found Bonletrufea's Antique Weapon Shoppe.
 11029 | D:10     | Found a runed translucent gate.
 11029 | D:10     | Found a runed translucent gate.
 11030 | D:10     | Found a runed translucent gate.
 11030 | D:10     | Noticed a great orb of eyes
 11033 | D:10     | Noticed PyroL's ghost (novice DrWr)
 11429 | D:10     | Found a viscous altar of Jiyva.
 11488 | D:11     | Found a staircase to the Orcish Mines.
 11534 | D:11     | Noticed Snorg
 11569 | D:11     | Killed Snorg
 11910 | D:11     | Noticed a boulder beetle
 11920 | D:11     | HP: 27/68 [boulder beetle (13)]
 11985 | D:11     | HP: 9/68 [acid dragon/splash of acid (37)]
 11994 | D:11     | Killed from afar by an acid dragon

Illustrated notes

Levels and vault maps discovered:
D:1:      nzn_arrival_water_spiral, layout_basic, minmay_misc_feat_rows,
          minmay_pentomino_t2
D:2:      layout_loops_ring, serial_glass, glass_columns_b, glass_columns_a
D:3:      layout_basic, mainiacjoe_overflow_brackets,
          lemuel_coloured_pillars_altar, grunt_ministairs_11, dk_noncrumbling_4,
          minmay_gold_behind_fungi, columned_hall_lemuel
D:4:      layout_layer_cave, minmay_temple_entry_fiery
D:5:      layout_rooms, mainiacjoe_overflow_six_doors_small, serial_shops, shop,
          shop, uniq_duvessa
D:6:      kennysheep_housing_project, layout_rooms
D:7:      layout_loops_ring, gammafunk_temple_overflow_elements
D:8:      layout_gridville, nicolae_dithmenos_shadow_blocks
D:9:      layout_rooms, lair_entry_dummy
D:10:     layout_roguey, serial_shops, shop, gammafunk_ghost_ooze, serial_glass,
          glass_columns_b, glass_columns_a, due_unseen_surprise,
          minmay_strange_pillars, item_on_display_a,
          hangedman_abyss_or_decor_clamps
D:11:     layout_basic, orc_0_dummy, minmay_fountain_box, uniq_snorg
Temple:   lightli_temple_of_artemis

Skill      XL: |  1  2  3  4  5  6  7  8  9 10 |
---------------+-------------------------------+-----
Fire Magic     | 3 4 5 6 8 10 13 15 | 15.7
Conjurations   | 2 3 |  3.0
Dodging        | |  1.7
Stealth        | |  1.7
Spellcasting   | |  2.0

Action                   |  1- 3 |  4- 6 |  7- 9 | 10-12 || total
-------------------------+-------+-------+-------+-------++-------
Melee: Unarmed           |    15 |       |     2 |       ||    17
       Short sword       |       |       |    19 |     6 ||    25
       Tailslap          |       |       |     2 |       ||     2
 Cast: Foxfire           |   112 |   188 |   308 |    58 ||   666
       Kindle Blastspark |       |       |    29 |    30 ||    59
       Scorch            |       |       |    16 |    59 ||    75
       Flame Wave        |       |       |     3 |     4 ||     7
Armor: Robe              |     8 |     2 |    28 |    11 ||    49
Dodge: Dodged            |    13 |     5 |    48 |    19 ||    85

Table legend: (Time is in decaauts)
 A = Elapsed time spent in this place.
 B = Non-inter-level travel time spent in this place.
 C = Inter-level travel time spent in this place.
 D = Time resting spent in this place.
 E = Time spent auto-exploring this place.
 F = Levels seen in this place.
 G = Mean time per level.
                   A        B        C        D        E       F      G
               +--------+--------+--------+--------+--------+-----+--------+
         Total |  11989 |  11581 |    408 |     11 |   9912 |  12 |  999.1 |
       Dungeon |  11873 |  11468 |    405 |     11 |   9833 |  11 | 1079.4 |
        Temple |    115 |    113 |      2 |      0 |     79 |   1 |  115.0 |
               +--------+--------+--------+--------+--------+-----+--------+

Top non-repeatable levels by time:
     D:6: 1681 daAuts
     D:4: 1599 daAuts
     D:8: 1346 daAuts
     D:7: 1173 daAuts
     D:3: 1159 daAuts
     D:2: 1060 daAuts
    D:10: 1036 daAuts
     D:1: 894 daAuts
     D:9: 783 daAuts
     D:5: 598 daAuts
    D:11: 539 daAuts
  Temple: 115 daAuts
